 Dungeon Crawl Stone Soup version 0.17.1-3-g152610e (webtiles) character file.

57 namelastname112 the Insei (level 3, 0/31 HPs)
             Began as a Draconian Monk on Apr 20, 2016.
             Slain by a gnoll
             ... wielding a +0 spear of piercing
              (4 damage)
             ... on level 3 of the Dungeon.
             The game lasted 00:01:53 (1368 turns).

namelastname112 the Insei (Draconian Monk)          Turns: 1368, Time: 00:01:54

Health: 0/31       AC:  5    Str: 16    XL:     3   Next: 73%
Magic:  3/3        EV: 13    Int: 10    God:
Gold:   120        SH:  0    Dex: 18    Spells: 0 memorised, 2 levels left

rFire  . . .     SeeInvis .       - Unarmed
rCold  . . .     Clarity  .     (armour unavailable)
rNeg   . . .     SustAt   .     (no shield)
rPois  .         Gourm    .     (helmet restricted)
rElec  .         Spirit   .     (no cloak)
rCorr  .         Warding  .     (no gloves)
rMut   .         Stasis   .     (no boots)
MR     .....                    (no amulet)
Stlth  ++........               r - +4 ring of dexterity
                                c - +3 ring of strength

@: not resistant to hostile enchantments, unstealthy
A: unfitting armour, cold-blooded, AC +5
a: no special abilities


You were on level 3 of the Dungeon.
You were hungry.

You visited 1 branch of the dungeon, and saw 3 of its levels.

You collected 120 gold pieces.

Inventory:

Jewellery
 c - a +3 ring of strength (left hand)
 q - an uncursed ring of ice
 r - a +4 ring of dexterity (right hand)
Scrolls
 e - 2 scrolls of identify {unknown}
 h - 3 scrolls of enchant armour {unknown}
 j - a scroll of magic mapping {unknown}
 k - a scroll of enchant weapon {unknown}
 m - 2 scrolls of remove curse {unknown}
 p - a scroll of random uselessness {unknown}
Potions
 d - a potion of might {unknown}
 f - a potion of ambrosia {unknown}
 g - 3 potions of curing {unknown}
 i - a potion of degeneration {unknown}
 l - a potion of heal wounds {unknown}
 o - a potion of flight {unknown}
Comestibles
 a - a bread ration
 b - a meat ration


   Skills:
 - Level 3.2 Fighting
 - Level 2.6 Dodging
 - Level 1.7 Stealth
 + Level 5.4 Unarmed Combat


You had 2 spell levels left.
You didn't know any spells.

Dungeon Overview and Level Annotations

Branches:
Dungeon (3/15)

Altars:
Okawaru
Sif Muna
Trog


Innate Abilities, Weirdness & Mutations

Your plain brown scales are hard (AC +5).
Your body does not fit into most forms of armour.
You are cold-blooded and may be slowed by cold attacks.


Message History

You are feeling hungry.
You hit the gnoll.
The gnoll is moderately wounded.
The gnoll hits you with a spear of piercing.
The gnoll hits you from afar with a spear.
You take 8 damage, and have 17/31 hp.
MASSIVE DAMAGE!!
You hit the gnoll but do no damage.
The gnoll is moderately wounded.
The gnoll hits you with a spear of piercing.
The gnoll hits you from afar with a spear.
You take 3 damage, and have 14/31 hp.
Press: ? - help, v - describe, . - travel, g - get item
Here: a gnoll, wielding a spear of piercing (moderately wounded)
An enchanted dagger.
The floor.
Unknown command.
Unknown command.
The gnoll hits you from afar with a spear of piercing!
* * * LOW HITPOINT WARNING * * *
You die...

# .. ################
###g#........ggg..g#
......##(≈.≈.#####g#######.#
#......≈g≈(≈#..@..........##
#..###.#$..##.###..........#
#.#.≈.##.###........#.#
#.#...#...##..........#
..#.≈.#........)......# .
#.#..?#...............###..
###.≈.###..###...<).......#
#.).#.#.##....<..........
#..##.#.##.....##..


You could see a gnoll.

Vanquished Creatures
  An adder (D:3)
  An ooze (D:2)
  5 goblins
  5 hobgoblins
  7 jackals (D:1)
  7 bats
  2 giant newts
  9 kobolds
  2 rats
39 creatures vanquished.

Notes
Turn   | Place    | Note
--------------------------------------------------------------
     0 | D:1      | namelastname112 the Draconian Monk began the quest for the Orb.
     0 | D:1      | Reached XP level 1. HP: 19/19 MP: 1/1
   179 | D:1      | Reached XP level 2. HP: 16/26 MP: 2/2
   674 | D:2      | Found a bloodstained altar of Trog.
   708 | D:2      | Reached skill level 5 in Unarmed Combat
   708 | D:2      | Reached XP level 3. HP: 31/31 MP: 3/3
   896 | D:2      | Found an iron altar of Okawaru.
  1199 | D:2      | Found a deep blue altar of Sif Muna.
  1368 | D:3      | Slain by a gnoll

Action                   || total
-------------------------++-------
Melee: Unarmed           ||   114
 Stab: Sleeping          ||     3
  Eat: Chunk             ||     1
